AoeStats
← PREDA_JUANK

Fortress

510202998Analyzed
4v4 RM · 2d ago on Sep 29, 2026· 59m 49s· 8 players
Game mode
Random Map
Map size
Huge
Population
200
Speed
Normal
Resources
Standard
Victory
Conquest
Starting age
Dark Age
Ending age
Imperial Age
RankedLock teamsTeams togetherTeam positionsShared explorationLock speedFull tech treeHidden civsTurbo modeCheats
Victory
Defeat
🇺🇸 Khmer · United States
968
+10
🇧🇷 Romans · Brazil
866
+13
🇦🇷 Cumans · Argentina
860
+14
🇨🇱 Goths · Chile
796
+15
🇧🇷 Maya · Brazil
861
-36
🇧🇷 Huns · Brazil
826
-14
🇧🇷 Tatars · Brazil
792
-12
🇧🇷 Franks · Brazil
757
-11
Dearboy
0:48 Loom
7:36 Feudal Age
9:44 Wheelbarrow
9:09 Double-Bit Axe
9:43 Horse Collar
10:43 Gold Mining
17:26 Castle Age
16:43 Stone Mining
19:33 Hand Cart
19:52 Town Watch
20:26 Scale Barding Armor
20:37 Forging
21:21 Gold Shaft Mining
22:47 Light Cavalry
23:38 Bloodlines
24:37 Iron Casting
25:13 Town Patrol
26:56 Chain Barding Armor
30:50 Imperial Age
29:12 Fletching
29:22 Padded Archer Armor
30:12 Bodkin Arrow
30:51 Cavalier
32:00 Conscription
32:23 Plate Barding Armor
32:48 Blast Furnace
32:09 Paladin
32:24 Sappers
32:46 Hussar
35:49 Chemistry
35:09 Ballistics
39:41 Leather Archer Armor
41:11 Elite Kipchak
42:26 Hoardings
54:31 Heavy Plow
54:46 Bow Saw
55:19 Capped Ram
56:13 Siege Ram
58:45 Steppe Husbandry
DJBreezy1013
9:53 Feudal Age
13:04 Castle Age
11:32 Horse Collar
11:41 Double-Bit Axe
12:41 Gold Mining
12:43 Stone Mining
15:10 Wheelbarrow
20:58 Loom
21:35 Pikeman
23:47 Wheelbarrow
27:55 Imperial Age
26:23 Scale Mail Armor
26:28 Scale Barding Armor
26:34 Forging
27:01 Bow Saw
28:47 Hand Cart
28:58 Chain Barding Armor
28:53 Chain Mail Armor
29:50 Elite Ballista Elephant
32:22 Halberdier
33:35 Double Crossbow
33:11 Light Cavalry
33:53 Husbandry
34:33 Heavy Plow
34:53 Bloodlines
35:33 Plate Barding Armor
35:33 Iron Casting
35:17 Hussar
36:30 Ballistics
36:06 Murder Holes
36:18 Siege Engineers
36:25 Masonry
36:50 Arson
36:48 Sappers
37:42 Conscription
Santini
9:46 Feudal Age
9:51 Man-at-Arms
11:12 Scale Mail Armor
11:23 Forging
20:02 Castle Age
21:32 Long Swordsman
21:33 Pikeman
22:20 Scale Barding Armor
22:34 Chain Mail Armor
22:54 Iron Casting
27:12 Imperial Age
PREDA_JUANK
10:40 Feudal Age
16:01 Castle Age
15:36 Fletching
16:11 Double-Bit Axe
17:38 Anarchy
22:08 Horse Collar
35:09 Imperial Age
38:13 Caravan
40:32 Bow Saw
42:38 Forging
42:29 Scale Mail Armor
45:35 Two-Man Saw
46:24 Gold Mining
57:45 Chain Mail Armor
59:05 Iron Casting
RodrigoOBOM
5:05 Loom
7:48 Feudal Age
14:01 Castle Age
12:38 Double-Bit Axe
12:35 Horse Collar
14:01 Fletching
18:45 Gold Mining
25:39 Bodkin Arrow
29:12 Bow Saw
29:04 Heavy Plow
28:49 Eagle Warrior
32:01 Crossbowman
35:17 Pikeman
37:24 Forging
37:15 Scale Mail Armor
43:43 Ballistics
48:38 Imperial Age
46:49 Elite Skirmisher
50:32 Man-at-Arms
51:15 Squires
54:05 Sanctity
55:35 Chain Mail Armor
56:29 Conscription
57:25 Bracer
58:01 Halberdier
59:23 Iron Casting
59:18 Plate Mail Armor
59:04 Arbalester
59:50 Thumb Ring
59:48 Padded Archer Armor
Gustavo
0:32 Loom
9:03 Feudal Age
13:09 Castle Age
11:12 Double-Bit Axe
14:31 Wheelbarrow
17:40 Hand Cart
18:41 Horse Collar
19:50 Heavy Plow
20:04 Bow Saw
24:05 Scale Barding Armor
24:22 Gold Mining
24:22 Stone Mining
26:00 Gold Shaft Mining
26:13 Bloodlines
29:24 Imperial Age
28:09 Light Cavalry
29:18 Marauders
30:04 Gold Shaft Mining
29:56 Chain Barding Armor
29:40 Husbandry
31:44 Cavalier
33:11 Elite Tarkan
37:45 Plate Barding Armor
36:58 Pikeman
41:11 Paladin
42:26 Halberdier
44:17 Forging
44:07 Scale Mail Armor
50:42 Iron Casting
50:23 Chain Mail Armor
Ananda
7:55 Feudal Age
8:39 Double-Bit Axe
15:51 Castle Age
14:14 Scale Barding Armor
14:20 Forging
15:44 Stone Mining
21:58 Chain Barding Armor
21:46 Gold Mining
23:13 Husbandry
25:36 Gold Shaft Mining
25:42 Wheelbarrow
27:13 Iron Casting
29:45 Hand Cart
31:03 Scale Mail Armor
33:38 Imperial Age
32:37 Bow Saw
35:06 Cavalier
36:27 Plate Barding Armor
36:53 Blast Furnace
36:09 Chain Mail Armor
41:53 Paladin
53:55 Plate Mail Armor
Daniel
6:53 Feudal Age
7:28 Horse Collar
7:39 Double-Bit Axe
15:22 Castle Age
16:00 Wheelbarrow
15:48 Loom
17:45 Bow Saw
17:54 Heavy Plow
24:16 Fletching
24:26 Padded Archer Armor
24:37 Forging
24:33 Scale Barding Armor
32:21 Imperial Age
33:18 Hand Cart
32:39 Onager
35:33 Town Watch
35:43 Heavy Cavalry Archer
39:03 Chemistry
37:45 Treadmill Crane
41:33 Iron Casting
40:58 Scale Mail Armor
40:39 Pikeman
41:19 Squires
41:05 Arson
42:03 Halberdier
45:36 Blast Furnace
44:33 Bodkin Arrow
Connection lost

Rejoining the realm…

Still unreachable

The connection could not be restored.

Session expired

The server has moved on; the page needs a fresh start.